Map: Acropolis LE

Players

llllllllllll (Trap)

  • Race: Protoss Protoss
  • League: Master
  • Spawn Location: 11:00

Serral - Winner!

  • Race: Zerg Zerg
  • League: Master
  • Spawn Location: 5:00

Event: HomeStory Cup XX

VOD

Have the link to the VOD?

Description

Time

  • Played on: Nov. 24, 2019, 10:17 a.m.
  • Length: 22:06

All games in this series

Show
View Real Time Build Order
Export as new Build Order

llllllllllll Protoss 

Build Orders: 1 Gate Expand, Oracle Opening, Phoenix Opening 

Get SALT Encoding   

  12  0:00  Probe  
  13  0:12  Probe  
  14  0:18  Pylon  
  14  0:24  Probe  
  15  0:32  Probe  
  15  0:40  Probe  
  16  0:45  Gateway  
  16  0:46  Assimilator  
  17  0:50  Probe  
  18  1:02  Probe  
  19  1:15  Probe  
  20  1:22  Nexus  
  20  1:32  Cybernetics Core  
  20  1:35  Probe  
  21  1:42  Assimilator  
  21  1:47  Probe  
  21  1:51  Pylon  
  22  1:59  Probe  
  23  2:07  Probe  
  23  2:09  Adept  
  23  2:15  Probe, Stargate  
  27  2:24  Warp Gate  
  27  2:25  Probe  
  27  2:30  Probe  
  28  2:37  Probe  
  28  2:38  Probe  
  28  2:39  Adept  
  32  2:48  Probe  
  32  2:49  Probe  
  32  2:51  Phoenix  
  34  3:00  Probe  
  34  3:01  Probe  
  34  3:03  Pylon  
  38  3:06  Oracle  
  38  3:13  Probe  
  38  3:14  Probe  
  43  3:24  Gateway  
  43  3:25  Probe  
  43  3:26  Probe  
  45  3:31  Oracle  
  45  3:36  Assimilator  
  45  3:37  Probe  
  45  3:38  Pylon, Probe  
  45  3:39  Assimilator  
  50  3:49  Probe  
  50  3:50  Probe  
  50  3:52  Pylon  
  52  4:02  Robotics Facility  
  52  4:04  Probe x2  
  54  4:12  Pylon  
  54  4:18  Probe x2  
  54  4:23  Nexus  
  56  4:32  Adept x2  
  56  4:33  Probe x2  
  62  4:48  Probe x2  
  62  4:49  Pylon  
  62  4:50  Pylon  
  62  4:52  Immortal  
  68  4:55  Sentry x2  
  72  5:06  Probe x2  
  74  5:12  Forge  
  74  5:13  Twilight Council  
  74  5:18  Probe x2  
  76  5:23  Sentry x2  
  76  5:25  Robotics Bay  
  78  5:30  Probe  
  78  5:31  Probe  
  78  5:34  Observer  
  78  5:35  Probe, Protoss Ground Weapons Level 1  
  81  5:37  Assimilator  
  81  5:39  Assimilator, Charge  
  81  5:40  Pylon  
  82  5:43  Probe x2  
  82  5:47  Probe  
  85  5:55  Probe x2  
  85  5:56  Gateway  
  85  5:57  Gateway  
  87  5:59  Gateway  
  87  6:01  Probe  
  87  6:02  Colossus  
  88  6:07  Probe x2  
  90  6:13  Robotics Facility  
  96  6:25  Probe x3  
  98  6:29  Photon Cannon  
  97  6:37  Pylon  
  97  6:39  Pylon  
  97  6:41  Gateway  
  97  6:43  Gateway x2  
  97  6:49  Zealot x2  
  101  6:55  Colossus  
  101  6:56  Zealot x2  
  109  7:05  Stalker  
  109  7:11  Stalker x2  
  113  7:17  Gravitic Drive  
  113  7:18  Immortal  
  117  7:26  Templar Archives  
  117  7:31  Blink  
  117  7:33  Protoss Ground Weapons Level 2  
  117  7:37  Photon Cannon  
  117  7:38  Shield Battery  
  117  7:44  Psionic Storm  
  117  7:50  Immortal, Nexus  
  117  7:51  Zealot x4  
  129  7:57  Pylon  
  129  8:09  Stargate  
  129  8:15  Fleet Beacon  
  129  8:17  Photon Cannon  
  129  8:18  Photon Cannon  
  129  8:19  High Templar  
  131  8:20  High Templar, Photon Cannon  
  131  8:21  Zealot  
  135  8:31  Pylon  
  135  8:32  High Templar  
  137  8:35  Pylon  
  137  8:39  Gateway  
  137  8:41  Gateway  
  137  8:42  High Templar  
  137  8:47  Probe x2  
  141  8:50  Assimilator, Probe  
  141  8:53  Assimilator  
  141  8:55  High Templar  
  142  8:57  Shield Battery, Photon Cannon  
  142  8:59  Shield Battery  
  142  9:00  Pylon  
  140  9:03  Probe x4  
  140  9:04  Zealot  
  140  9:05  Sentry  
  140  9:06  Zealot  
  141  9:14  Mothership  
  141  9:15  Probe x4  
  124  9:18  Zealot  
  124  9:19  Zealot  
  125  9:27  Probe  
  125  9:28  Probe  
  125  9:30  Probe x2  
  128  9:39  Probe  
  128  9:41  High Templar  
  139  9:47  Probe x2  
  139  9:51  High Templar, Probe, Zealot x3  
  149  9:54  Pylon  
  149  9:59  Probe  
  146  10:09  High Templar x2, Zealot  
  146  10:13  Probe x3  
  155  10:17  Archon  
  155  10:18  Zealot x2  
  155  10:24  Zealot x3  
  155  10:25  Probe  
  111  10:42  Probe  
  111  10:43  Probe x2  
  111  10:45  High Templar x4, Zealot x3  
  111  10:46  Zealot  
  111  10:49  Archon  
  128  10:50  Archon  
  128  10:55  Probe x3  
  120  11:01  Photon Cannon  
  120  11:02  Photon Cannon x2  
  120  11:07  Probe x2  
  119  11:11  Zealot x3  
  119  11:12  Probe, Zealot  
  119  11:13  Probe  
  119  11:18  High Templar x4  
  132  11:19  Probe x2  
  132  11:22  Archon x2, Protoss Ground Weapons Level 3  
  138  11:31  Archon  
  129  11:34  Probe  
  129  11:35  Probe x3  
  129  11:36  Zealot x2  
  129  11:37  Zealot x2  
  122  11:50  Stalker x4  
  124  12:01  High Templar x4  
  124  12:06  Photon Cannon  
  132  12:10  Photon Cannon  
  132  12:11  Photon Cannon  
  132  12:15  Carrier x2, Photon Cannon  
  144  12:36  Zealot x2  
  144  12:37  Sentry  
  149  12:39  High Templar, Zealot x2  
  155  12:49  High Templar  
  155  12:51  Pylon  
  155  12:53  Archon  
  155  12:55  Pylon  
  155  12:57  Pylon  
  149  13:05  Immortal  
  147  13:06  Carrier  
  147  13:07  Carrier  
  147  13:08  Observer  
  147  13:11  Zealot x4  
  155  13:17  Protoss Air Weapons Level 1  
  172  13:31  Cybernetics Core  
  172  13:41  Zealot x4  
  162  14:03  Carrier  
  162  14:05  Photon Cannon  
  162  14:06  Photon Cannon  
  162  14:07  Oracle  
  162  14:09  High Templar x2, Protoss Air Armor Level 1  
  164  14:12  Pylon x2  
  173  14:22  High Templar x2  
  177  14:26  Archon  
  177  14:28  High Templar x2  
  179  14:32  Warp Prism  
  181  14:39  Stargate  
  181  14:52  Protoss Shields Level 1, Oracle  
  181  14:56  Observer  
  181  15:00  Tempest  
  187  15:19  Protoss Air Weapons Level 2  
  187  15:21  Pylon  
  187  15:26  Archon  
  187  15:36  Gateway x2  
  187  15:38  Dark Shrine  
  187  15:42  Tempest x2  
  194  15:43  Tempest  
  199  15:54  Nexus  
  199  16:01  Observer  
  192  16:09  Photon Cannon  
  192  16:10  Photon Cannon  
  193  16:11  Photon Cannon  
  193  16:14  Photon Cannon  
  193  16:16  Shield Battery  
  193  16:20  Gateway  
  193  16:24  Gateway x2  
  168  16:42  Probe x4  
  172  16:54  Probe x3  
  173  16:55  Probe  
  176  17:02  Tempest  
  176  17:06  Probe x2  
  176  17:08  Pylon  
  183  17:11  Protoss Air Armor Level 2  
  183  17:15  Assimilator  
  183  17:19  Assimilator  
  183  17:30  High Templar x3  
  183  17:31  High Templar x5  
  197  17:40  Archon x3  
  197  17:41  Archon  
  197  17:46  Pylon  
  191  18:15  Oracle  
  188  18:20  Archon  
  180  18:27  High Templar x4  
  180  18:29  High Templar  
  182  18:36  Zealot x7  
  182  18:37  Photon Cannon  
  182  18:39  Photon Cannon  
  182  18:40  Photon Cannon  
  196  18:44  Photon Cannon  
  196  18:45  Mothership  
  182  18:58  Observer  
  163  19:11  Nexus  
  166  19:18  Oracle x2  
  159  19:58  Dark Templar x4  
  167  20:03  Archon  
  167  20:04  Archon  
  159  20:14  Tempest  
  160  20:50  Dark Templar x2  
  160  20:51  Zealot x4  
Show
View Real Time Build Order
Export as new Build Order

Serral Zerg - Winner!

Build Orders: Hatch First, Brood Lord Corruptor, Carriers, Zergling Baneling 

Get SALT Encoding   

  12  0:00  Drone  
  13  0:12  Overlord  
  13  0:16  Drone  
  14  0:30  Drone x2  
  16  0:47  Hatchery  
  15  0:50  Drone  
  15  0:54  Drone  
  17  0:57  Drone  
  18  1:08  Extractor  
  17  1:12  Spawning Pool  
  17  1:15  Drone  
  17  1:18  Drone  
  18  1:28  Drone  
  19  1:41  Drone  
  20  1:51  Overlord  
  20  1:59  Zergling x2, Queen x2  
  20  2:00  Zergling x2  
  26  2:11  Metabolic Boost, Drone x2  
  28  2:24  Drone x2  
  30  2:34  Hatchery  
  29  2:37  Drone  
  30  2:44  Queen  
  32  2:52  Overlord  
  32  2:54  Drone x2  
  32  2:56  Drone  
  32  2:58  Drone  
  36  3:10  Drone x2  
  36  3:12  Overlord  
  38  3:14  Drone x2  
  38  3:16  Drone  
  38  3:19  Zergling x2  
  42  3:21  Queen  
  42  3:25  Overlord  
  44  3:30  Overlord  
  44  3:42  Spore Crawler  
  44  3:43  Drone  
  44  3:45  Zergling x4  
  44  3:46  Queen  
  44  3:47  Drone x2  
  51  3:48  Drone  
  51  3:50  Drone  
  51  3:52  Drone  
  51  3:55  Spore Crawler  
  52  3:56  Drone  
  52  3:57  Drone  
  52  4:00  Zergling x2  
  52  4:02  Drone  
  55  4:06  Evolution Chamber  
  55  4:07  Drone  
  55  4:09  Drone x2  
  57  4:16  Drone  
  58  4:17  Drone x2  
  58  4:18  Drone  
  58  4:21  Drone x2  
  62  4:29  Drone  
  63  4:33  Zerg Melee Weapons Level 1  
  63  4:34  Zergling x2  
  63  4:35  Drone  
  63  4:37  Overlord  
  65  4:39  Spore Crawler, Overlord  
  65  4:42  Queen  
  66  4:48  Spore Crawler, Drone  
  66  4:49  Overlord  
  66  4:55  Overlord  
  66  4:56  Drone x2  
  66  4:57  Drone x5  
  66  4:59  Drone  
  74  5:03  Drone x2  
  75  5:08  Drone  
  75  5:09  Drone x3  
  75  5:11  Lair  
  79  5:16  Roach Warren  
  79  5:17  Extractor  
  79  5:18  Extractor, Drone x3  
  79  5:19  Extractor  
  77  5:26  Zergling x2  
  76  5:29  Zergling x2  
  76  5:30  Drone x3  
  76  5:33  Drone x3  
  76  5:34  Drone  
  76  5:35  Hatchery  
  83  5:39  Overlord  
  83  5:40  Extractor  
  83  5:42  Zergling x2  
  82  5:50  Extractor  
  82  5:51  Drone x2, Overlord  
  82  5:53  Zergling x8  
  85  5:58  Roach x3  
  91  6:09  Drone  
  91  6:11  Drone  
  91  6:13  Roach x3  
  91  6:14  Roach  
  91  6:16  Overlord, Pneumatized Carapace  
  91  6:17  Overseer  
  100  6:23  Baneling Nest  
  100  6:25  Infestation Pit  
  97  6:26  Drone x2  
  97  6:28  Drone  
  97  6:29  Drone x5  
  97  6:30  Evolution Chamber  
  104  6:37  Overlord x2  
  104  6:38  Drone  
  104  6:39  Zerg Melee Weapons Level 2  
  105  6:42  Hatchery  
  105  6:44  Drone x2  
  105  6:45  Drone x2  
  108  6:48  Drone x2  
  108  6:53  Roach x2  
  114  6:56  Queen  
  114  6:57  Zerg Ground Armor Level 1  
  115  7:02  Drone x2  
  115  7:05  Glial Reconstitution, Hive  
  115  7:08  Overlord  
  115  7:10  Centrifical Hooks  
  115  7:11  Zergling x4  
  115  7:14  Ravager x4  
  121  7:20  Drone  
  121  7:22  Drone x2  
  124  7:23  Extractor  
  124  7:25  Drone x3  
  126  7:30  Hatchery  
  126  7:31  Overlord  
  126  7:34  Zergling x14  
  132  7:39  Zergling x14  
  139  7:45  Overlord x2  
  139  7:51  Zergling x12  
  139  7:53  Baneling x4  
  139  7:55  Ravager x2  
  139  7:56  Drone  
  139  7:57  Roach  
  150  8:03  Roach x3  
  155  8:09  Baneling x14  
  155  8:10  Zergling x2  
  155  8:11  Zergling x4  
  157  8:17  Zergling x26  
  157  8:18  Adrenal Glands  
  170  8:20  Drone  
  170  8:24  Spire  
  169  8:28  Overlord  
  169  8:33  Baneling x8  
  168  8:37  Drone x2  
  168  8:40  Baneling x2  
  170  8:42  Overlord  
  170  8:46  Zergling x34  
  186  8:56  Queen  
  186  9:01  Baneling x6  
  187  9:04  Overlord  
  183  9:14  Zergling x12  
  183  9:15  Zergling x26  
  194  9:21  Spore Crawler  
  184  9:24  Zergling x10  
  178  9:33  Zergling x16  
  178  9:41  Greater Spire  
  178  9:44  Baneling x7  
  178  9:46  Drone x4  
  178  9:49  Zerg Missile Weapons Level 1, Zerg Melee Weapons Level 3  
  178  9:50  Zergling x14  
  178  9:52  Baneling x20  
  189  9:59  Zergling x12  
  191  10:09  Zergling x18  
  199  10:23  Baneling x7  
  199  10:24  Baneling  
  199  10:28  Zergling x20  
  200  10:32  Zergling x18  
  200  10:35  Zergling x12  
  187  10:47  Zergling x12  
  189  10:51  Hatchery  
  189  10:52  Zergling x8  
  189  10:53  Baneling x25  
  189  10:54  Baneling x9  
  189  10:56  Zerg Flyer Weapons Level 1  
  185  10:57  Extractor  
  185  10:58  Extractor  
  185  10:59  Drone x2  
  185  11:03  Drone x4  
  189  11:09  Zergling x16  
  189  11:10  Zergling x4  
  199  11:15  Zergling x6  
  182  11:38  Zergling x34  
  175  11:41  Zergling x8  
  175  11:42  Zergling x14  
  182  11:49  Baneling x22  
  182  11:50  Overseer x3  
  179  11:55  Corruptor  
  179  11:56  Corruptor x4  
  179  12:00  Ravager  
  179  12:01  Ravager  
  188  12:03  Zergling x6  
  188  12:04  Zergling x14  
  188  12:07  Baneling x4  
  188  12:08  Baneling x8  
  198  12:16  Spore Crawler  
  198  12:18  Zerg Ground Armor Level 2  
  198  12:20  Pathogen Glands  
  198  12:21  Zergling x4  
  194  12:42  Burrow  
  190  12:46  Zergling x18  
  190  12:50  Zerg Flyer Armor Level 1  
  190  12:51  Extractor  
  193  12:53  Spore Crawler x2  
  193  12:54  Spore Crawler  
  193  12:55  Spore Crawler  
  193  12:56  Spore Crawler  
  193  12:57  Spore Crawler, Brood Lord x5  
  194  13:02  Overlord  
  194  13:03  Overseer  
  194  13:05  Corruptor  
  194  13:06  Corruptor  
  194  13:08  Drone x2  
  200  13:19  Spore Crawler  
  199  13:20  Spore Crawler  
  199  13:25  Corruptor  
  199  13:29  Baneling x20  
  199  13:33  Spore Crawler  
  198  13:34  Spore Crawler  
  198  13:40  Brood Lord  
  198  13:45  Spore Crawler  
  199  13:48  Brood Lord  
  199  13:54  Drone x2  
  193  13:59  Brood Lord  
  193  14:00  Drone x2  
  193  14:01  Drone x3  
  200  14:10  Spine Crawler x2  
  200  14:11  Spine Crawler  
  200  14:12  Extractor x2, Corruptor x2  
  200  14:14  Overseer  
  199  14:18  Baneling x10  
  198  14:44  Zerg Flyer Weapons Level 2  
  198  14:50  Viper  
  198  14:55  Spine Crawler x2  
  198  14:56  Spine Crawler x2  
  198  14:57  Spine Crawler  
  198  14:58  Viper  
  198  14:59  Viper  
  199  15:05  Drone  
  199  15:07  Spore Crawler x2  
  199  15:08  Spore Crawler  
  199  15:09  Zerg Missile Weapons Level 2  
  199  15:10  Zerg Ground Armor Level 3  
  199  15:12  Spore Crawler  
  195  15:18  Drone x2  
  190  15:30  Overseer  
  190  15:31  Overseer, Spore Crawler  
  190  15:32  Spore Crawler  
  190  15:33  Spore Crawler  
  190  15:34  Corruptor  
  190  15:35  Corruptor x5  
  199  15:43  Spore Crawler  
  198  15:53  Corruptor x4  
  198  16:04  Neural Parasite  
  198  16:18  Corruptor  
  198  16:22  Spine Crawler  
  183  16:38  Corruptor x5  
  192  16:40  Zergling x2  
  192  16:41  Zergling x10  
  192  16:42  Overlord x2  
  193  17:05  Infestor x3  
  199  17:13  Zerg Flyer Weapons Level 3  
  194  17:37  Corruptor x2  
  198  17:45  Zergling x4  
  192  18:00  Zergling x16  
  194  18:21  Infestor x2  
  194  18:23  Overseer  
  194  18:25  Baneling x6  
  192  18:59  Corruptor  
  198  19:09  Overlord x2  
  194  19:13  Baneling x10  
  194  19:16  Overlord  
  193  19:17  Overseer x2  
  193  19:18  Overlord x2  
  193  19:29  Spine Crawler  
  193  19:30  Brood Lord  
  193  19:31  Brood Lord x2  
  198  19:35  Hatchery  
  191  19:39  Brood Lord  
  191  19:45  Corruptor x5  
  197  19:51  Zergling x6  
  199  19:54  Overseer  
  194  20:22  Zergling x2  
  194  20:23  Zergling x8  
  197  20:43  Zergling x6  
  197  20:59  Zergling x2  
  197  21:00  Zergling x8  
  198  21:07  Zergling x16  
  195  21:13  Infestor x2  
Tags
 
Add a new tag
Caveats
  • Supply blocks, unpowered buildings, or Contaminate may cause inaccurate times.
  • Supply counts are checked every 10 seconds.